 Dungeon Crawl Stone Soup version 0.28.0-47-ge53b351184 (webtiles) character file.

Game seed: 9807307843425334488

466 issech the Ducker (level 6, 0/53 (61) HPs)
             Began as a Troll Monk on May 11, 2022.
             Slain by a scorpion (7 damage)
             ... on level 4 of the Dungeon.
             The game lasted 00:10:50 (2828 turns).

issech the Ducker (Troll Monk)                      Turns: 2828, Time: 00:10:52

HP:   0/53 (61)     AC:  4    Str: 20    XL:     6   Next: 81%
MP:   5/5           EV: 11    Int:  6    God:
Gold: 65            SH:  0    Dex: 14    Spells: 5/5 levels left

rFire   . . .      SeeInvis .   y - +0 great sword
rCold   . . .      Faith    .   (shield currently unavailable)
rNeg    . . .      Spirit   .   b - +0 robe
rPois   .          Reflect  .   (helmet restricted)
rElec   .          Harm     .   (no cloak)
rCorr   .          Rampage  .   (gloves unavailable)
Will    .....                   (boots unavailable)
Stlth   ++........              (no amulet)
HPRegen 0.97/turn               (no ring)
MPRegen 0.09/turn               (no ring)

@: lethally poisoned (0 -> -4), studying Armour, heavily drained
A: large, unfitting armour, claws 3, regeneration 1, shaggy fur 1, tough skin 1
a: no special abilities


You were on level 4 of the Dungeon.
You visited 1 branch of the dungeon, and saw 4 of its levels.

You collected 65 gold pieces.

Inventory:

Hand Weapons
 a - a +0 mace
 e - a +2 dagger of flaming
 s - a +0 flail
 x - a +0 war axe
 y - a +0 great sword (weapon)
Missiles
 f - 36 arrows
 m - 42 stones (quivered)
 p - 29 sling bullets
 w - 10 bolts
Armour
 b - a +0 robe (worn)
Scrolls
 c - 4 scrolls of identify {unknown}
 k - 2 scrolls of immolation {unknown}
 l - a scroll of fog {unknown}
 o - a scroll of fear {unknown}
 t - a scroll of blinking {unknown}
 v - a scroll of enchant weapon {unknown}
Potions
 d - a potion of cancellation {unknown}
 g - 2 potions of heal wounds {unknown}
 h - 3 potions of flight {unknown}
 i - a potion of might {unknown}
 j - 2 potions of brilliance {unknown}
 n - 2 potions of mutation {unknown}
 q - a potion of haste {unknown}
 r - 3 potions of magic {unknown}
 u - a potion of lignification {unknown}
 z - a potion of ambrosia {unknown}


   Skills:
 + Level 3.5 Fighting
 + Level 2.4 Short Blades
 + Level 0.3(1.5) Long Blades
 + Level 3.7 Maces & Flails
 + Level 0.6 Throwing
 + Level 4.0 Dodging
 + Level 1.5 Stealth


You had 5 spell levels left.
You didn't know any spells.
Your spell library contained the following spells:

 Spells                   Type           Power      Damage    Failure   Level
 Sandblast                Erth           0%         2d4       45%         1
 Passwall                 Tmut/Erth      0%         N/A       58%         2
 Stone Arrow              Conj/Erth      0%         3d7       83%         3
 Blade Hands              Tmut           0%         N/A       100%        5
 Irradiate                Conj/Tmut      0%         3d13      100%        5
 Dragon Form              Tmut           0%         N/A       100%        7


Dungeon Overview and Level Annotations

Branches:
Dungeon (4/15)
 Temple: D:4-7

Altars:
Gozag

Shops:
D:2 !


Innate Abilities, Weirdness & Mutations

You are too large for most types of armour.
You have claws for hands.
Your natural rate of healing is unusually fast.
You are covered in fur. (AC +1)
You have tough skin. (AC +1)


Message History

You open the door.
A scorpion comes into view.
Found a whip.
There is an open door here.
You hit the scorpion.
The scorpion is moderately wounded.
The scorpion barely misses you.
You hit the scorpion.
The scorpion is heavily wounded.
The scorpion stings you. x2
You hit the scorpion.
The scorpion is heavily wounded.
The scorpion misses you. The scorpion stings you!
You barely miss the scorpion.
The scorpion is heavily wounded.
The scorpion barely misses you. x2
You barely miss the scorpion.
The scorpion is heavily wounded.
The scorpion closely misses you. The scorpion stings you!
You hit the scorpion.
The scorpion is severely wounded.
The scorpion closely misses you. The scorpion stings you.
You closely miss the scorpion.
The scorpion is severely wounded.
The scorpion stings you!
The scorpion stings you but does no damage.
You hit the scorpion.
The scorpion is severely wounded.
The scorpion stings you!
You are poisoned.
The scorpion poisons you! The scorpion stings you.
You are more poisoned.
The scorpion poisons you!
You barely miss the scorpion.
The scorpion is severely wounded.
You feel extremely sick. The scorpion stings you.
* * * LOW HITPOINT WARNING * * *
The scorpion stings you!
You die...

... #.# ##.#######
#.........
#.........
#.........
+.s..).... # #@###
#.##...## #.......+
... #..>....# ....
#.###'####+#...
#+##..#......#
#.....#....[.#
#.....#......#
######'#####......#


You could see a scorpion.

Vanquished Creatures
  A phantom (D:4)
  4 wights
  A centaur zombie (D:4)
  A hound (D:2)
  An orc wizard (D:3)
  6 adders
  2 worms
  A dart slug (D:1)
  6 orcs
  4 bats
  5 endoplasms
  4 giant cockroaches
  7 goblins
  5 hobgoblins
  3 jackals (D:1)
  5 kobolds
  3 quokkas
  8 ball pythons
  3 frilled lizards
  7 rats
77 creatures vanquished.

Vanquished Creatures (others)
  2 fungi (D:2)
  2 plants (D:2)
4 creatures vanquished.

Grand Total: 81 creatures vanquished

Notes
Turn   | Place    | Note
-------+----------+-------------------------------------------
     0 | D:1      | issech the Troll Monk began the quest for the Orb.
     0 | D:1      | Reached XP level 1. HP: 22/22 MP: 0/0
   151 | D:1      | Reached XP level 2. HP: 29/29 MP: 1/1
   405 | D:1      | Reached XP level 3. HP: 36/36 MP: 2/2
   735 | D:2      | Found Fixt's Distillery.
   911 | D:2      | Reached skill level 3 in Dodging
   961 | D:2      | Reached XP level 4. HP: 44/44 MP: 3/3
  1165 | D:2      | Found an opulent altar of Gozag.
  1263 | D:2      | Found a faded altar of an unknown god.
  1565 | D:3      | Reached skill level 1 in Short Blades
  1565 | D:3      | Reached XP level 5. HP: 32/53 MP: 4/4
  2362 | D:3      | Reached XP level 6. HP: 9/51 MP: 5/5
  2687 | D:4      | Reached skill level 4 in Dodging
  2828 | D:4      | Slain by a scorpion

Illustrated notes

Levels and vault maps discovered:
D:1:      minmay_arrival_loop, layout_loops_ring
D:2:      layout_rooms, shapermc_ecumenical_altar_mp_ritualfount, basic_altar,
          serial_shops, nicolae_shop_hallway_stairs, nicolae_underground_beach
D:3:      layout_loops_cross
D:4:      layout_gridville, ebering_ghost_rock_garden, uniq_pikel,
          uniq_crazy_yiuf_cottage

Skill      XL: |  1  2  3  4  5  6 |
---------------+-------------------+-----
Maces & Flails | 3 |  3.7
Dodging        | 3 4 |  4.0
Fighting       | 3 |  3.5
Short Blades   | 1 2 |  2.4
Long Blades    | |  0.3
Throwing       | |  0.6
Stealth        | |  1.5

Action                   |  1- 3 |  4- 6 || total
-------------------------+-------+-------++-------
Melee: Mace              |    26 |       ||    26
       Punch             |     1 |     3 ||     4
       Dagger            |   103 |   151 ||   254
       Flail             |       |    32 ||    32
       Great sword       |       |    27 ||    27
Throw: Stone             |     1 |    27 ||    28
 Stab: Sleeping          |     3 |       ||     3
Armor: Robe              |    50 |    41 ||    91
Dodge: Dodged            |    79 |   121 ||   200
